 Dungeon Crawl Stone Soup version 0.22-a0-456-g11ed031 (webtiles) character file.

42 zekley the Grasshopper (level 3, 0/33 HPs)
             Began as a Naga Warper on June 6, 2018.
             Succumbed to an adder's poison
             ... on level 2 of the Dungeon.
             The game lasted 00:21:08 (1745 turns).

zekley the Grasshopper (Naga Warper)                Turns: 1745, Time: 00:21:09

Health: 0/33       AC:  2    Str: 14    XL:     3   Next: 56%
Magic:  4/6        EV:  9    Int: 13    God:
Gold:   41         SH:  0    Dex: 10    Spells: 2/6 levels left

rFire    . . .     SeeInvis +   l - +0 whip
rCold    . . .     Gourm    .   (no shield)
rNeg     . . .     Faith    .   b - +0 leather armour
rPois    +         Spirit   .   (no helmet)
rElec    .         Reflect  .   (no cloak)
rCorr    .         Harm     .   (no gloves)
MR       .....                  (no barding)
Stlth    +.........             (no amulet)
HPRegen  0.11/turn              (no ring)
MPRegen  0.10/turn              (no ring)

@: lethally poisoned (0 -> -2), short of breath, very slightly contaminated,
very slow
A: large, see invisible, deformed body, poison resistance, slowness 2, slow
metabolism 1, spit poison 1, AC +1
a: Spit Poison


You were on level 2 of the Dungeon.
You were not hungry.

You visited 1 branch of the dungeon, and saw 2 of its levels.

You collected 41 gold pieces.

Inventory:

Hand Weapons
 l - a +0 whip (weapon)
Missiles
 e - 4 tomahawks of dispersal (quivered)
Armour
 b - a +0 leather armour (worn)
Scrolls
 d - 2 scrolls of blinking
 h - 2 scrolls of identify {unknown}
 j - 3 scrolls of magic mapping {unknown}
Potions
 a - a potion of ambrosia {unknown}
 c - a potion of curing {unknown}
 g - 3 potions of agility {unknown}
 i - a potion of brilliance {unknown}
 k - a potion of haste {unknown}
 m - a potion of lignification {unknown}
Comestibles
 f - 2 rations


   Skills:
 + Level 2.5 Fighting
 * Level 3.0 Maces & Flails
 - Level 0.8 Throwing
 - Level 0.7 Armour
 - Level 1.6 Dodging
 + Level 0.8 Stealth
 - Level 2.1 Spellcasting
 + Level 3.1 Translocations


You had 2 spell levels left.
You knew the following spells:

 Your Spells              Type           Power        Failure   Level  Hunger
a - Blink                 Tloc           N/A          14%         2    ###....
b - Shroud of Golubria    Chrm/Tloc      #.........   26%         2    ###....

Your spell library contained the following spells:

 Spells                   Type           Power        Failure   Level  Hunger
 Teleport Other           Tloc           #.......     26%         3    ####...
 Passage of Golubria      Tloc           N/A          65%         4    #####..
 Gell's Gravitas          Tloc           #.........   26%         3    ####...
 Lesser Beckoning         Tloc           #.........   26%         3    ####...


Dungeon Overview and Level Annotations

Branches:
Dungeon (2/15)

Altars:


Innate Abilities, Weirdness & Mutations

You cannot wear boots.
Your serpentine skin is tough. (AC +1)
You have supernaturally acute eyesight. (SInv)
Armour fits poorly on your strangely shaped body.
Your system is resistant to poisons. (rPois)
You cover ground very slowly.
You have a slow metabolism.
You can spit poison.


Message History

You feel sick. The adder bites you but does no damage.
You hit the adder.
The adder is almost dead.
The adder barely misses you. The adder bites you.
* * * LOW HITPOINT WARNING * * *
You barely miss the adder.
The adder is almost dead.
The adder closely misses you.
You barely miss the adder.
The adder is almost dead.
You have got your breath back.
The adder bites you.
* * * LOW HITPOINT WARNING * * *
Press: ? - help, Shift-Dir - straight line, f/p - adder
Aim: an adder (almost dead)
The splash of poison hits the adder.
The adder is poisoned.
You kill the adder!
Your Maces & Flails skill increases to level 3!
You feel slightly more hungry.
You die...

#.# #.# ...# #.####.# #...# ...#
#.##...# ...# #..# ####.##.#.#
...# #..# .....##.#.####...#
##..# ####.##.#......... ...#
..........######.# #.#####...
##.......## #.# #......<.S
#.......#######@#######..#######
#......................
##<....########.#######
####.#### #.######## .......
######........# ...#.##.#
#......######## ...#.# #
#......## ...#.# #.......#
.....# #.......######


There were no monsters in sight!

Vanquished Creatures
  2 adders (D:2)
  A dart slug (D:1)
  A giant cockroach (D:1)
  3 goblins (D:1)
  6 hobgoblins (D:1)
  3 bats
  A frilled lizard (D:1)
  2 kobolds (D:1)
  A rat (D:1)
20 creatures vanquished.

Notes
Turn   | Place    | Note
-------+----------+-------------------------------------------
     0 | D:1      | zekley the Naga Warper began the quest for the Orb.
     0 | D:1      | Reached XP level 1. HP: 19/19 MP: 3/3
   423 | D:1      | Reached XP level 2. HP: 13/26 MP: 5/5
   681 | D:1      | Learned a level 2 spell: Blink
   688 | D:1      | Learned a level 2 spell: Shroud of Golubria
  1499 | D:2      | Reached XP level 3. HP: 13/33 MP: 3/6
  1744 | D:2      | HP: 1/33 [adder (3)]
  1745 | D:2      | Succumbed to an adder's poison

Vault maps used:
D:1:      dpeg_arrival_line_fractal

Skill      XL: |  1  2  3 |
---------------+----------+-----
Maces & Flails | 3 |  3.0
Fighting       | |  2.5
Throwing       | |  0.8
Armour         | |  0.7
Dodging        | |  1.6
Stealth        | |  0.8
Spellcasting   | |  2.1
Translocations | |  3.1

Action                   || total
-------------------------++-------
Melee: Mace              ||    34
       Whip              ||    25
Throw: Tomahawk          ||     1
 Cast: Blink             ||     2
       Shroud of Golubri ||     2
 Abil: Spit Poison       ||    21
  Eat: Ration            ||     1
       Chunk             ||     1
Armor: Leather armour    ||    12
Dodge: Dodged            ||    27

Table legend:
 A = Spawn XP
 B = Non-spawn XP
 C = Spawn XP percentage of total XP
 D = Spawn monster count
 E = Non-spawn monster count
 F = Spawn count percentage of total count
 G = Total turns spent on level
                    A         B        C        D         E        F      G
               +---------+---------+-------+---------+---------+-------+---------
         Total |       0 |      61 |   0.0 |       0 |      20 |   0.0 |  1745
               +---------+---------+-------+---------+---------+-------+---------
           D:1 |       0 |      30 |   0.0 |       0 |      16 |   0.0 |  1415
           D:2 |       0 |      31 |   0.0 |       0 |       4 |   0.0 |   330
               +---------+---------+-------+---------+---------+-------+---------
